[ PARTIDA AOE2 · #483889557 ]
1v1 RMPersas vs Franks
Equipo del jugador · VICT
Equipo rival · DERR
[ ANÁLISIS DE REPETICIÓN · EXTRAÍDO DE LA PARTIDA GRABADA ]
Feudal
8:47
Castillos
19:05
Imperial
—
| APM promedio | 39.9 |
| APM pico | 105 |
| eAPM promedio | 16.4 |
| Aldeanos / militares | 85 / 56 |
Foco
⚔️ 25.5% · 🌾 74.5%
Knight ×26 · Skirmisher ×18 · Scout Cavalry ×3 · Camel Scout ×3 · Battering Ram ×3 · Monk ×2
Feudal
10:11
Castillos
23:07
Imperial
—
| APM promedio | 33.8 |
| APM pico | 93 |
| eAPM promedio | 15.9 |
| Aldeanos / militares | 74 / 54 |
Foco
⚔️ 24.9% · 🌾 75.1%
Spearman ×44 · Scout Cavalry ×5 · Skirmisher ×2 · Knight ×2 · Monk ×1
Mapa de la partida
Recursos iniciales + cada clic de construcción. Líneas = muros · curvas = relieve. ◆ oro · ⬟ piedra · ● bayas · ✦ reliquia · ◌ hueco del cierre
Tu base· ✓ Cerrada en 19:05 · 28t muro · 1 puerta(s)
Base de Vantokk· Abierta — hueco de 2t
Terreno inicial suavizado · ◌ = hueco del cierre detectado · pasá el cursor para detalles
Inputs por minuto
— Kari Chokaro - - Vantokk
Build order — Kari Chokaro
Primeras 150 de 241 acciones detectadas
| 0:00 | Crear | Villager (Male) |
| 0:01 | Crear | Villager (Male) |
| 0:02 | Construir | House |
| 0:03 | Construir | House |
| 0:33 | Crear | Villager (Male) |
| 1:07 | Crear | Villager (Male) |
| 1:23 | Crear | Villager (Male) |
| 1:42 | Construir | Lumber Camp |
| 1:56 | Crear | Villager (Male) |
| 2:15 | Crear | Villager (Male) |
| 2:28 | Crear | Villager (Male) |
| 2:50 | Construir | House |
| 3:11 | Crear | Villager (Male) |
| 3:19 | Construir | Mill |
| 3:22 | Crear | Villager (Male) |
| 3:55 | Crear | Villager (Male) |
| 4:01 | Crear | Villager (Male) |
| 4:34 | Crear | Villager (Male) |
| 5:07 | Crear | Villager (Male) |
| 5:18 | Crear | Villager (Male) |
| 5:50 | Crear | Villager (Male) |
| 6:02 | Investigar | Loom |
| 6:40 | Crear | Villager (Male) |
| 6:44 | Investigar | Feudal Age |
| 7:38 | Construir | Barracks |
| 7:41 | Construir | House |
| 8:23 | Crear | Villager (Male) |
| 8:23 | Crear | Villager (Male) |
| 8:47 | Edad | Edad Feudal |
| 8:52 | Construir | Stable |
| 8:57 | Investigar | Double-Bit Axe |
| 9:17 | Construir | House |
| 9:20 | Construir | Palisade Wall |
| 9:35 | Crear | Scout Cavalry |
| 9:36 | Crear | Scout Cavalry |
| 9:36 | Crear | Scout Cavalry |
| 9:51 | Crear | Villager (Male) |
| 10:07 | Crear | Villager (Male) |
| 10:16 | Construir | Palisade Wall |
| 10:16 | Crear | Villager (Male) |
| 10:23 | Construir | Mill |
| 10:27 | Construir | House |
| 10:29 | Construir | Palisade Wall |
| 10:30 | Crear | Villager (Male) |
| 10:35 | Crear | Spearman |
| 10:37 | Crear | Villager (Male) |
| 11:08 | Crear | Villager (Male) |
| 11:09 | Crear | Villager (Male) |
| 11:13 | Crear | Villager (Male) |
| 11:16 | Construir | House |
| 11:20 | Construir | Farm |
| 11:21 | Construir | Farm |
| 11:21 | Construir | Farm |
| 11:21 | Construir | Farm |
| 11:21 | Construir | Farm |
| 11:21 | Construir | Farm |
| 11:24 | Crear | Villager (Male) |
| 11:42 | Construir | Farm |
| 12:18 | Construir | Mining Camp |
| 12:42 | Crear | Villager (Male) |
| 12:45 | Construir | House |
| 12:53 | Construir | Farm |
| 12:54 | Construir | Farm |
| 12:57 | Construir | House |
| 13:31 | Crear | Villager (Male) |
| 13:38 | Construir | Farm |
| 13:38 | Construir | Farm |
| 13:39 | Construir | Farm |
| 13:42 | Investigar | Horse Collar |
| 14:31 | Crear | Villager (Male) |
| 14:49 | Construir | Blacksmith |
| 15:00 | Construir | Farm |
| 15:01 | Construir | Farm |
| 15:11 | Construir | House |
| 15:17 | Construir | House |
| 15:34 | Crear | Villager (Male) |
| 15:42 | Construir | Farm |
| 15:42 | Construir | Farm |
| 16:13 | Crear | Villager (Male) |
| 16:39 | Investigar | Castle Age |
| 16:41 | Construir | Farm |
| 17:20 | Construir | House |
| 17:31 | Construir | Stable |
| 17:38 | Investigar | Scale Barding Armor |
| 17:45 | Construir | Stable |
| 18:11 | Construir | House |
| 18:18 | Investigar | Forging |
| 18:29 | Crear | Villager (Male) |
| 18:30 | Crear | Villager (Male) |
| 18:41 | Investigar | Bloodlines |
| 18:43 | Crear | Villager (Male) |
| 19:03 | Construir | Palisade Gate |
| 19:05 | Edad | Edad de los Castillos |
| 19:09 | Crear | Camel Scout |
| 19:09 | Crear | Camel Scout |
| 19:10 | Crear | Camel Scout |
| 19:11 | Crear | Villager (Male) |
| 19:31 | Investigar | Husbandry |
| 19:32 | Crear | Knight |
| 19:44 | Crear | Knight |
| 19:44 | Crear | Knight |
| 19:48 | Construir | Farm |
| 19:54 | Construir | Farm |
| 19:58 | Construir | Farm |
| 20:14 | Crear | Knight |
| 20:29 | Crear | Villager (Male) |
| 20:32 | Construir | Farm |
| 20:55 | Crear | Villager (Male) |
| 20:58 | Construir | House |
| 20:59 | Construir | House |
| 21:15 | Crear | Knight |
| 21:15 | Crear | Knight |
| 21:15 | Crear | Knight |
| 21:16 | Crear | Villager (Male) |
| 21:39 | Crear | Villager (Male) |
| 21:41 | Crear | Knight |
| 21:42 | Crear | Knight |
| 21:43 | Crear | Villager (Male) |
| 21:48 | Construir | Farm |
| 21:49 | Crear | Villager (Male) |
| 22:20 | Construir | Town Center |
| 22:23 | Crear | Villager (Male) |
| 22:34 | Investigar | Chain Barding Armor |
| 22:36 | Crear | Villager (Male) |
| 23:03 | Crear | Knight |
| 23:03 | Crear | Knight |
| 23:04 | Crear | Villager (Male) |
| 23:23 | Crear | Villager (Male) |
| 23:27 | Crear | Villager (Male) |
| 23:28 | Crear | Villager (Male) |
| 23:34 | Crear | Villager (Male) |
| 23:34 | Crear | Villager (Male) |
| 23:46 | Crear | Villager (Male) |
| 23:47 | Crear | Villager (Male) |
| 23:50 | Construir | House |
| 23:52 | Construir | House |
| 23:53 | Construir | House |
| 23:54 | Crear | Villager (Male) |
| 24:26 | Crear | Knight |
| 24:27 | Crear | Knight |
| 24:27 | Crear | Knight |
| 24:33 | Crear | Villager (Male) |
| 24:43 | Crear | Villager (Male) |
| 24:57 | Construir | Archery Range |
| 25:01 | Crear | Villager (Male) |
| 25:03 | Construir | Farm |
| 25:05 | Construir | Farm |
| 25:06 | Crear | Villager (Male) |
| 25:09 | Crear | Villager (Male) |
| 25:35 | Construir | Archery Range |
Build order — Vantokk
Primeras 150 de 177 acciones detectadas
| 0:01 | Crear | Villager (Male) |
| 0:01 | Crear | Villager (Male) |
| 0:02 | Construir | House |
| 0:03 | Construir | House |
| 0:49 | Crear | Villager (Male) |
| 0:49 | Crear | Villager (Male) |
| 1:39 | Crear | Villager (Male) |
| 1:53 | Construir | Lumber Camp |
| 1:55 | Crear | Villager (Male) |
| 2:27 | Crear | Villager (Male) |
| 2:54 | Crear | Villager (Male) |
| 2:55 | Crear | Villager (Male) |
| 3:49 | Crear | Villager (Male) |
| 3:55 | Construir | House |
| 4:13 | Crear | Villager (Male) |
| 4:23 | Construir | House |
| 4:37 | Construir | House |
| 4:43 | Crear | Villager (Male) |
| 4:43 | Crear | Villager (Male) |
| 4:44 | Crear | Villager (Male) |
| 4:59 | Construir | Mill |
| 5:55 | Crear | Villager (Male) |
| 6:14 | Crear | Villager (Male) |
| 6:15 | Crear | Villager (Male) |
| 6:29 | Construir | Lumber Camp |
| 7:35 | Investigar | Loom |
| 8:01 | Investigar | Feudal Age |
| 8:30 | Construir | Barracks |
| 9:00 | Crear | Villager (Male) |
| 9:01 | Crear | Villager (Male) |
| 10:11 | Edad | Edad Feudal |
| 10:14 | Crear | Spearman |
| 10:19 | Construir | Stable |
| 10:25 | Construir | Farm |
| 10:29 | Construir | Farm |
| 10:33 | Construir | Farm |
| 10:36 | Construir | Farm |
| 10:57 | Crear | Villager (Male) |
| 11:05 | Construir | Farm |
| 11:08 | Crear | Spearman |
| 11:14 | Crear | Scout Cavalry |
| 11:15 | Crear | Scout Cavalry |
| 11:15 | Crear | Scout Cavalry |
| 11:15 | Crear | Scout Cavalry |
| 11:37 | Crear | Villager (Male) ×2 |
| 11:55 | Construir | Farm |
| 11:58 | Construir | Farm |
| 12:52 | Investigar | Wheelbarrow |
| 12:55 | Investigar | Double-Bit Axe |
| 13:26 | Construir | Farm |
| 13:28 | Crear | Scout Cavalry |
| 14:12 | Construir | Blacksmith |
| 14:13 | Crear | Villager (Male) |
| 14:14 | Crear | Villager (Male) |
| 14:17 | Investigar | Town Watch |
| 14:23 | Construir | House |
| 14:41 | Crear | Villager (Male) |
| 14:41 | Crear | Villager (Male) |
| 14:41 | Crear | Villager (Male) |
| 14:41 | Crear | Villager (Male) |
| 14:52 | Construir | House |
| 14:53 | Construir | House |
| 15:03 | Construir | Farm |
| 15:04 | Construir | Farm |
| 15:06 | Construir | Farm |
| 15:07 | Construir | Farm |
| 15:31 | Construir | Farm |
| 15:41 | Construir | House |
| 15:42 | Construir | House |
| 15:44 | Construir | House |
| 15:45 | Construir | House |
| 15:46 | Construir | House |
| 16:02 | Construir | House |
| 16:03 | Construir | House |
| 16:19 | Construir | House |
| 16:21 | Construir | House |
| 16:22 | Construir | House |
| 16:36 | Crear | Villager (Male) |
| 16:36 | Crear | Villager (Male) |
| 16:46 | Crear | Villager (Male) |
| 17:05 | Construir | Mining Camp |
| 17:16 | Construir | Farm |
| 17:18 | Construir | Farm |
| 18:02 | Construir | Farm |
| 18:13 | Crear | Villager (Male) |
| 18:14 | Crear | Villager (Male) |
| 18:42 | Construir | Blacksmith |
| 18:49 | Crear | Villager (Male) |
| 19:33 | Construir | Market |
| 19:35 | Crear | Villager (Male) |
| 19:39 | Investigar | Gold Mining |
| 20:25 | Investigar | Forging |
| 20:25 | Investigar | Scale Barding Armor |
| 20:27 | Investigar | Castle Age |
| 20:31 | Construir | House |
| 20:33 | Construir | House |
| 20:34 | Construir | House |
| 20:37 | Construir | House |
| 20:58 | Investigar | Stone Mining |
| 21:22 | Construir | Mining Camp |
| 21:34 | Investigar | Padded Archer Armor |
| 21:37 | Investigar | Scale Mail Armor |
| 21:38 | Crear | Spearman |
| 21:38 | Crear | Spearman |
| 21:38 | Crear | Spearman |
| 22:00 | Construir | Barracks |
| 22:04 | Construir | Barracks |
| 22:14 | Construir | Palisade Gate |
| 22:36 | Crear | Spearman |
| 22:37 | Crear | Spearman |
| 22:40 | Crear | Spearman ×5 |
| 22:41 | Crear | Spearman ×5 |
| 22:55 | Crear | Spearman |
| 22:55 | Crear | Spearman |
| 22:56 | Crear | Spearman |
| 23:07 | Edad | Edad de los Castillos |
| 23:13 | Investigar | Pikeman (upgrade) |
| 23:17 | Investigar | Squires |
| 23:47 | Crear | Spearman ×5 |
| 23:50 | Construir | Farm |
| 23:50 | Construir | Farm |
| 23:54 | Construir | House |
| 24:07 | Crear | Spearman ×5 |
| 24:08 | Crear | Spearman ×4 |
| 24:44 | Construir | Town Center |
| 24:54 | Construir | Farm |
| 25:25 | Crear | Villager (Male) |
| 25:32 | Crear | Villager (Male) ×3 |
| 25:47 | Construir | Town Center |
| 25:54 | Construir | Farm |
| 25:54 | Construir | Farm |
| 25:54 | Construir | Farm |
| 25:58 | Construir | Farm |
| 26:21 | Crear | Villager (Male) |
| 26:35 | Crear | Villager (Male) |
| 26:59 | Crear | Villager (Male) |
| 27:10 | Construir | Farm |
| 27:11 | Construir | Farm |
| 27:12 | Construir | Farm |
| 27:24 | Crear | Villager (Male) |
| 27:25 | Crear | Villager (Male) |
| 27:29 | Construir | Farm |
| 27:35 | Construir | Farm |
| 27:40 | Crear | Villager (Male) |
| 27:43 | Construir | Farm |
| 27:48 | Crear | Villager (Male) |
| 28:02 | Construir | Monastery |
| 28:10 | Construir | Monastery |
| 28:23 | Crear | Villager (Male) ×4 |
| 28:28 | Crear | Villager (Male) |
Cronología de la partida
| 7:38 | Kari Chokaro · first_building Barracks |
| 8:30 | Vantokk · first_building Barracks |
| 8:47 | Kari Chokaro · age_up feudal |
| 8:52 | Kari Chokaro · first_building Stable |
| 9:20 | Kari Chokaro · wall_segment Palisade Wall x6 |
| 10:11 | Vantokk · age_up feudal |
| 10:16 | Kari Chokaro · wall_segment Palisade Wall x12 |
| 10:19 | Vantokk · first_building Stable |
| 10:29 | Kari Chokaro · wall_segment Palisade Wall x10 |
| 19:05 | Kari Chokaro · age_up castle |
| 23:07 | Vantokk · age_up castle |
| 24:57 | Kari Chokaro · first_building Archery Range |
| 25:46 | Kari Chokaro · first_building Monastery |
| 28:02 | Vantokk · first_building Monastery |
| 30:05 | Kari Chokaro · first_market_buy 100 stone |
| 31:05 | Vantokk · first_building Archery Range |
| 31:59 | Kari Chokaro · first_building Siege Workshop |
| 33:54 | Vantokk · resign |
[ ANÁLISIS IA · 1 CRÉDITO ]
¿Qué pasó realmente en esta partida?
Wolo.gg analiza cada decisión: build order, eco, micro, errores típicos por bracket. Análisis personalizado por WhatsApp o Discord en 30 segundos.
Guía civ
Persas
Guía mapa
Arabia
Perfil
Jugador #2379892